Workbook

Sheet Übersicht
A1: Haushaltsbuch – Monatsübersicht
A2: Trage unten Monat und Jahr ein. Buchungen erfasst du im Blatt „Buchungen“ (Beispielzeilen einfach überschreiben).
A4: Monat (1–12) | B4: 11
A5: Jahr | B5: 2026
A7: Einnahmen | B7: =SUMIFS(Buchungen!$D$2:$D$1000,Buchungen!$E$2:$E$1000,"Einnahme",Buchungen!$H$2:$H$1000,$B$4,Buchungen!$I$2:$I$1000,$B$5)
A9: Kategorie | B9: Geplant (€) | C9: Tatsächlich (€) | D9: Differenz (€)
A10: Wohnen | C10: =SUMIFS(Buchungen!$D$2:$D$1000,Buchungen!$B$2:$B$1000,$A10,Buchungen!$E$2:$E$1000,"Ausgabe",Buchungen!$H$2:$H$1000,$B$4,Buchungen!$I$2:$I$1000,$B$5) | D10: =B10-C10
A11: Energie | C11: =SUMIFS(Buchungen!$D$2:$D$1000,Buchungen!$B$2:$B$1000,$A11,Buchungen!$E$2:$E$1000,"Ausgabe",Buchungen!$H$2:$H$1000,$B$4,Buchungen!$I$2:$I$1000,$B$5) | D11: =B11-C11
A12: Lebensmittel | C12: =SUMIFS(Buchungen!$D$2:$D$1000,Buchungen!$B$2:$B$1000,$A12,Buchungen!$E$2:$E$1000,"Ausgabe",Buchungen!$H$2:$H$1000,$B$4,Buchungen!$I$2:$I$1000,$B$5) | D12: =B12-C12
A13: Mobilität | C13: =SUMIFS(Buchungen!$D$2:$D$1000,Buchungen!$B$2:$B$1000,$A13,Buchungen!$E$2:$E$1000,"Ausgabe",Buchungen!$H$2:$H$1000,$B$4,Buchungen!$I$2:$I$1000,$B$5) | D13: =B13-C13
A14: Verträge & Abos | C14: =SUMIFS(Buchungen!$D$2:$D$1000,Buchungen!$B$2:$B$1000,$A14,Buchungen!$E$2:$E$1000,"Ausgabe",Buchungen!$H$2:$H$1000,$B$4,Buchungen!$I$2:$I$1000,$B$5) | D14: =B14-C14
A15: Haushalt & Drogerie | C15: =SUMIFS(Buchungen!$D$2:$D$1000,Buchungen!$B$2:$B$1000,$A15,Buchungen!$E$2:$E$1000,"Ausgabe",Buchungen!$H$2:$H$1000,$B$4,Buchungen!$I$2:$I$1000,$B$5) | D15: =B15-C15
A16: Freizeit | C16: =SUMIFS(Buchungen!$D$2:$D$1000,Buchungen!$B$2:$B$1000,$A16,Buchungen!$E$2:$E$1000,"Ausgabe",Buchungen!$H$2:$H$1000,$B$4,Buchungen!$I$2:$I$1000,$B$5) | D16: =B16-C16
A17: Rücklagen / Sparen | C17: =SUMIFS(Buchungen!$D$2:$D$1000,Buchungen!$B$2:$B$1000,$A17,Buchungen!$E$2:$E$1000,"Ausgabe",Buchungen!$H$2:$H$1000,$B$4,Buchungen!$I$2:$I$1000,$B$5) | D17: =B17-C17
A18: Sonstiges | C18: =SUMIFS(Buchungen!$D$2:$D$1000,Buchungen!$B$2:$B$1000,$A18,Buchungen!$E$2:$E$1000,"Ausgabe",Buchungen!$H$2:$H$1000,$B$4,Buchungen!$I$2:$I$1000,$B$5) | D18: =B18-C18
A19: Summe Ausgaben | B19: =SUM(B10:B18) | C19: =SUM(C10:C18) | D19: =B19-C19
A21: Saldo (Einnahmen − Ausgaben) | B21: =B7-C19
A22: Davon fixe Ausgaben | B22: =SUMIFS(Buchungen!$D$2:$D$1000,Buchungen!$E$2:$E$1000,"Ausgabe",Buchungen!$F$2:$F$1000,"fix",Buchungen!$H$2:$H$1000,$B$4,Buchungen!$I$2:$I$1000,$B$5)
A23: Fixkostenquote (Anteil an Einnahmen) | B23: =IF(B7=0,"",B22/B7)
A25: Hinweis: Orientierungsvorlage von alltagsparen.de, keine Finanzberatung. Keine Makros, keine externen Verbindungen.

Sheet Buchungen
A1: Datum | B1: Kategorie | C1: Beschreibung | D1: Betrag (€) | E1: Art | F1: Fix / variabel | G1: Zahlungsart | H1: Monat | I1: Jahr
A2: 46327 | B2: Wohnen | C2: Miete inkl. Nebenkosten (Beispiel) | D2: 750 | E2: Ausgabe | F2: fix | G2: Dauerauftrag | H2: =IF(A2="","",MONTH(A2)) | I2: =IF(A2="","",YEAR(A2))
A3: 46329 | B3: Lebensmittel | C3: Wocheneinkauf (Beispiel) | D3: 42.5 | E3: Ausgabe | F3: variabel | G3: Karte | H3: =IF(A3="","",MONTH(A3)) | I3: =IF(A3="","",YEAR(A3))
A4: 46331 | B4: Sonstiges | C4: Gehalt netto (Beispiel) | D4: 2200 | E4: Einnahme | F4: fix | G4: Überweisung | H4: =IF(A4="","",MONTH(A4)) | I4: =IF(A4="","",YEAR(A4))
H5: =IF(A5="","",MONTH(A5)) | I5: =IF(A5="","",YEAR(A5))
H6: =IF(A6="","",MONTH(A6)) | I6: =IF(A6="","",YEAR(A6))
H7: =IF(A7="","",MONTH(A7)) | I7: =IF(A7="","",YEAR(A7))
H8: =IF(A8="","",MONTH(A8)) | I8: =IF(A8="","",YEAR(A8))
H9: =IF(A9="","",MONTH(A9)) | I9: =IF(A9="","",YEAR(A9))
H10: =IF(A10="","",MONTH(A10)) | I10: =IF(A10="","",YEAR(A10))
H11: =IF(A11="","",MONTH(A11)) | I11: =IF(A11="","",YEAR(A11))
H12: =IF(A12="","",MONTH(A12)) | I12: =IF(A12="","",YEAR(A12))
H13: =IF(A13="","",MONTH(A13)) | I13: =IF(A13="","",YEAR(A13))
H14: =IF(A14="","",MONTH(A14)) | I14: =IF(A14="","",YEAR(A14))
H15: =IF(A15="","",MONTH(A15)) | I15: =IF(A15="","",YEAR(A15))
H16: =IF(A16="","",MONTH(A16)) | I16: =IF(A16="","",YEAR(A16))
... H1000: =IF(A1000="","",MONTH(A1000)) | I1000: =IF(A1000="","",YEAR(A1000))

Sheet Kategorien
A1: Kategorie
A2: Wohnen
A3: Energie
A4: Lebensmittel
A5: Mobilität
A6: Verträge & Abos
A7: Haushalt & Drogerie
A8: Freizeit
A9: Rücklagen / Sparen
A10: Sonstiges
